 Dungeon Crawl Stone Soup version 0.30-a0-269-gf0224bf7b6 (webtiles) character file.

Game seed: 2370980359930342262

46 lonewolfV2 the Chopper (level 3, 0/7 (30) HPs)
             Began as a Hill Orc Reaver on Oct 15, 2022.
             Slain by a gnoll
             ... wielding a +0 club
              (7 damage)
             ... on level 2 of the Dungeon.
             The game lasted 00:04:01 (1831 turns).

lonewolfV2 the Chopper (Hill Orc Reaver)            Turns: 1831, Time: 00:04:02

HP:   0/7 (30)      AC:  4    Str: 16    XL:     3   Next: 68%
MP:   4/5           EV: 11    Int: 13    God:
Gold: 98            SH:  0    Dex:  9    Spells: 1/5 levels left

rFire   . . .      SeeInvis .    a - +0 hand axe
rCold   . . .      Faith    .    (no shield)
rNeg    . . .      Spirit   .    b - +1 leather armour
rPois   .          Reflect  .    (no helmet)
rElec   .          Harm     .    (no cloak)
rCorr   .          Rampage  .    (no gloves)
Will    .....                    (no boots)
Stlth   +.........               (no amulet)
HPRegen 0.21/turn                (no ring)
MPRegen 0.09/turn                (no ring)

@: very slightly contaminated, extremely drained
A: no striking features
a: no special abilities


You were on level 2 of the Dungeon.
You visited 1 branch of the dungeon, and saw 2 of its levels.

You collected 98 gold pieces.

Inventory:

Hand Weapons
 a - a +0 hand axe (weapon)
Armour
 b - a +1 leather armour (worn)
Scrolls
 g - 3 scrolls of vulnerability
Potions
 d - a potion of mutation {unknown}
 f - a potion of haste


   Skills:
 + Level 2.5 Fighting
 + Level 4.7 Axes
 + Level 1.0 Armour
 + Level 2.1 Dodging
 + Level 0.1 Stealth
 + Level 1.8 Spellcasting
 + Level 3.2 Conjurations


You had one spell level left.
You knew the following spells:

 Your Spells              Type           Power      Damage    Failure   Level
a - Kiss of Death         Conj/Necr      20%        2d7       17%         1
b - Hailstorm             Conj/Ice       5%         3d4       45%         3

Your spell library contained the following spells:

 Spells                   Type           Power      Damage    Failure   Level
 Momentum Strike          Conj/Tloc      10%        3d8       26%         2


Dungeon Overview and Level Annotations

Branches:
Dungeon (2/15)

Altars:


Message History

Aiming: Kiss of Death (safe; 17% risk of failure)
Press: ? - help, Shift-Dir - straight line, f - gnoll
Aim: a gnoll, wielding a +0 club (100% to hit)
You miscast Kiss of Death.
You are very lightly contaminated with residual magic.
Nothing appears to happen.
The gnoll throws a throwing net.
The throwing net completely misses you. The gnoll barely misses you.
You hit the gnoll.
The gnoll is moderately wounded.
The gnoll throws a throwing net.
The throwing net completely misses you.
A gnoll comes into view. It is wielding a +0 flail.
The gnoll closely misses you.
The gnoll shouts!
You hit the gnoll but do no damage.
The gnoll is moderately wounded.
You hear an angry hiss.
The gnoll barely misses you.
You closely miss the gnoll.
The gnoll is moderately wounded.
The gnoll closely misses you.
A gnoll comes into view. It is wielding a +0 flail.
The gnoll shouts!
You hit the gnoll.
The gnoll is severely wounded.
You hear a shout!
Casting: Kiss of Death (safe; 17% risk of failure)
Confirm with . or Enter, or press ? or * to list all spells.
You don't know that spell.
Sorry, you're not good enough to have a special ability.
You hit the gnoll.
The gnoll is lightly wounded.
You closely miss the gnoll.
The gnoll is lightly wounded.
You hit the gnoll. The gnoll hits you but does no damage. The gnoll misses you.
You hit the gnoll.
The gnoll is heavily wounded.
You closely miss the gnoll. The gnoll misses you.
The gnoll hits you with a +0 club!
Ouch! That really hurt!
You die...

# ####......)##
#......#...#
#....#.##..#
########
#...##.....#
........
+....))†##.#
########
#....##.#..##
......
#.....#.(......
.####.
##+##...#######
.# #g@#......
.# #..gg#######
.. #g#... ##.
#..##### .. ...
.. ... # ...


You could see 4 gnolls.

Vanquished Creatures
  An adder (D:2)
  2 dart slugs
  3 ball pythons
  4 endoplasms
  A hobgoblin (D:1)
  5 jackals
  A quokka (D:1)
  5 bats
  2 goblins (D:1)
  3 kobolds
  3 rats
30 creatures vanquished.

Vanquished Creatures (collateral kills)
  A hobgoblin (D:2)
1 creature vanquished.

Grand Total: 31 creatures vanquished

Notes
Turn   | Place    | Note
-------+----------+-------------------------------------------
     0 | D:1      | lonewolfV2 the Hill Orc Reaver began the quest for the Orb.
     0 | D:1      | Reached XP level 1. HP: 18/18 MP: 3/3
    34 | D:1      | Reached XP level 2. HP: 5/23 MP: 1/4
   951 | D:2      | Reached XP level 3. HP: 13/14 MP: 3/5
   955 | D:2      | Learned a level 3 spell: Hailstorm
  1810 | D:2      | Reached skill level 1 in Armour
  1831 | D:2      | Slain by a gnoll

Illustrated notes

Levels and vault maps discovered:
D:1:      tarquinn_simple_flora_water_b, layout_rooms
D:2:      layout_basic, minmay_tromino_v4_a

Skill      XL: |  1  2  3 |
---------------+----------+-----
Dodging        | 2 |  2.1
Armour         | 1 |  1.0
Fighting       | |  2.5
Axes           | |  4.7
Stealth        | |  0.1
Spellcasting   | |  1.8
Conjurations   | |  3.2

Action                   || total
-------------------------++-------
Melee: Hand axe          ||    70
 Cast: Kiss of Death     ||     8
       Hailstorm         ||     2
  Use: Scroll            ||     5
Armor: Leather armour    ||    28
Dodge: Dodged            ||    73

Table legend: (Time is in decaauts)
 A = Elapsed time spent in this place.
 B = Non-inter-level travel time spent in this place.
 C = Inter-level travel time spent in this place.
 D = Time resting spent in this place.
 E = Time spent auto-exploring this place.
 F = Levels seen in this place.
 G = Mean time per level.
                   A        B        C        D        E       F      G
               +--------+--------+--------+--------+--------+-----+--------+
         Total |   1836 |   1814 |     22 |    913 |    624 |   2 |  918.0 |
       Dungeon |   1836 |   1814 |     22 |    913 |    624 |   2 |  918.0 |
               +--------+--------+--------+--------+--------+-----+--------+

Top non-repeatable levels by time:
     D:1: 947 daAuts
     D:2: 888 daAuts
